shakalaka, lawful female dwarven Valkyrie ----- ################################ ....| # ------# |<_..#### |....|# |...|# # |....|# |...|# ### -------------- ##.....|# -.---# # ......II.....| # |....|# ##### ###|......I.....-### |....|# #-............| |....|###########` |............| ---.-- ---.----- -------------- # |.......| # |.......| # |.......| # ##-......^| ### # --------- # ### -|----- # |...<..#### |.....| ------- shakalaka the Fighter Experience level: 6 Strength: 18/04 Dexterity: 14 Constitution: 17 Intelligence: 7 Wisdom: 9 Charisma: 8 Health: 0(51) Energy: 7(7) Def: 0 Gold: 1285 Moves: 3944 Dungeon seed: khhwjnB1wASXPTIw Game ID: shakalaka_1475148526 Your Inventory: Coins $ - 1285 gold pieces Amulets l - an uncursed amulet of ESP (being worn) Weapons a - the blessed rustproof +1 Excalibur (weapon in hand) b - a +0 dagger (alternate weapon; not wielded) Armor e - a cursed -1 orcish helm Comestibles v - an uncursed clove of garlic x - an uncursed sprig of wolfsbane E - 2 uncursed food rations Scrolls j - an uncursed scroll of blank paper H - 2 uncursed scrolls of earth J - a cursed scroll of create monster Potions B - an uncursed potion of object detection Rings m - an uncursed ring of see invisible (on left hand) s - an uncursed ring of regeneration (on right hand) G - an uncursed ring of protection from shape changers Wands D - a wand of digging (0:6) Tools C - an uncursed mirror Gems n - an uncursed worthless piece of yellowish brown glass Spells and supernatural/magical abilities: Name Level Category Fail Memory W - pray for help -- divine ? -- Your skills at the end: Fighting Skills Weapon Skills dagger [Basic] long sword [Basic] Spellcasting Skills Final Attributes: You were piously aligned. You were cold resistant. You were level-drain resistant. You saw invisible. You were telepathic. You had automatic searching. You had infravision. You were stealthy. You regenerated. You are dead. Vanquished creatures: 9 leprechauns a dingo a gnome mummy 2 human zombies a water nymph a rock piercer a fog cloud a shrieker 2 kobold mummies an elf zombie a straw golem 3 giant ants a little dog a homunculus a rabid rat a wererat 4 iguanas an acid blob 5 coyotes a gas spore a hobbit 3 manes a large kobold 2 cave spiders a yellow mold a green mold a red mold 5 jackals 2 foxes a kobold a goblin 3 sewer rats 6 grid bugs a bat a lichen 8 newts 77 creatures vanquished. Voluntary challenges: You had been an atheist until turn 2123. You used a wielded weapon 91 times, starting on turn 191. You read items or engraved 7 times, starting on turn 746. You never genocided any monsters. You never polymorphed an object. You changed form 1 time, starting on turn 2121. You used no wishes. You never split a pudding. You wrote Elbereth's name 1 time, starting on turn 1480. You violated your moral code, losing 2 points of alignment, starting on turn 162. Dungeon overview: The Dungeons of Doom: levels 1 to 7 Level 1 a long staircase Level 2 a fountain Level 3 a fountain Level 4 Level 5 Level 6 some fountains Level 7 <- You were here an altar to Tyr stairs to Sokoban Sokoban: levels 5 to 6 Level 5 Level 6 stairs to The Dungeons of Doom History has recorded: On T:1 you entered the Dungeons of Doom to retrieve the Amulet of Yendor! On T:412 you reached level 2 of The Dungeons of Doom. On T:632 you reached level 3 of The Dungeons of Doom. On T:910 you advanced to experience level 2. On T:1055 you reached level 4 of The Dungeons of Doom. On T:1193 you advanced to experience level 3. On T:1396 you reached level 5 of The Dungeons of Doom. On T:1857 you advanced to experience level 4. On T:1863 you reached level 6 of The Dungeons of Doom. On T:2173 you advanced to experience level 5. On T:2918 you reached level 7 of The Dungeons of Doom. On T:3041 you reached level 4 of Sokoban. On T:3527 you reached level 3 of Sokoban. On T:3727 you advanced to experience level 6. Score breakdown: Gold: 1285 (10576 points) Experience: 6 levels (12456 points) Exploration: 7 levels ( 14.00%) (10497 points) Discoveries: 7 items ( 2.85%) ( 5060 points) Valuables value: (no points given unless you survive) Artifact value: 4000 (12253 points) Variety of kills: 36 monsters ( 9.45%) ( 9221 points) Turncount: 3944 turns (-1004 points) Survival: died (score multiplied by 80%) Total score: 47247 Latest messages: You kill the grid bug! You faint from lack of food. It bites! You get zapped! It bites! You get zapped! You come to. Pick an object. A werewolf [seen: infravision, telepathy] on a corridor. You attack thin air.  iU misses the grid bug. The grid bug bites! You get zapped!  iU misses the grid bug. You kill the grid bug! You faint from lack of food. It hits! You feel hemmed in. It hits! It bites! (9x) You die... Final status: Farvel shakalaka the Valkyrie, killed by a wolf, while fainted from lack of food... You died in The Dungeons of Doom on dungeon level 7 with 47247 points, and 1285 pieces of gold, after 3944 moves. You were level 6 with a maximum of 51 hit points when you died.